 Dungeon Crawl Stone Soup version 0.27.0-1-g7a089689b8 (webtiles) character file.

Game seed: 5192791824141071429

82 benjreed the Conjurer (level 4, -4/31 HPs)
             Began as a Human Conjurer on Aug 3, 2021.
             Was a Believer of Dithmenos.
             Killed from afar by an orc wizard (6 damage)
             ... with a puff of flame
             ... on level 3 of the Dungeon on Aug 4, 2021.
             The game lasted 00:33:38 (2198 turns).

benjreed the Conjurer (Human Conjurer)              Turns: 2198, Time: 00:33:38

Health: -4/31      AC:  3    Str:  7    XL:     4   Next: 70%
Magic:  2/8        EV: 11    Int: 20    God:    Dithmenos [**....]
Gold:   58         SH:  0    Dex: 11    Spells: 8/9 levels left

rFire    . . .     SeeInvis .   v - +0 whip (venom)
rCold    . . .     Faith    .   (no shield)
rNeg     . . .     Spirit   .   i - +0 leather armour
rPois    .         Reflect  .   (no helmet)
rElec    .         Harm     .   (no cloak)
rCorr    .         Rampage  .   (no gloves)
Will     .....                  (no boots)
Stlth    ++........             (no amulet)
HPRegen  0.10/turn              (no ring)
MPRegen  0.11/turn              (no ring)

@: wreathed by umbra
A: no striking features
a: Renounce Religion, Shadow Step


You were on level 3 of the Dungeon.
You worshipped Dithmenos.
Dithmenos was pleased with you.
You visited 1 branch of the dungeon, and saw 3 of its levels.

You collected 58 gold pieces.

Inventory:

Hand Weapons
 b - a +0 club
 c - a +0 dagger
 h - a +0 whip
 k - a +0 short sword
 o - a +0 long sword
 u - a +0 quarterstaff
 v - a +0 whip of venom (weapon)
 w - a +0 spear
Missiles
 d - 44 stones
 p - 8 boomerangs
 q - 7 sling bullets
 s - 19 bolts
Armour
 a - a +0 robe
 i - a +0 leather armour (worn)
 l - a +0 ring mail
 r - a +0 barding
Wands
 x - a wand of digging (4)
Scrolls
 f - a scroll of magic mapping {unknown}
 j - a scroll of identify {unknown}
 n - 3 scrolls of amnesia {unknown}
Potions
 e - a potion of magic {unknown}
 g - a potion of brilliance
 m - a potion of curing {unknown}
 t - a potion of haste {unknown}


   Skills:
 + Level 0.3 Fighting
 + Level 0.2 Short Blades
 + Level 0.9 Armour
 + Level 2.2 Dodging
 + Level 2.0 Stealth
 + Level 0.3 Unarmed Combat
 + Level 3.0 Spellcasting
 + Level 4.6 Conjurations


You had 8 spell levels left.
You knew the following spells:

 Your Spells              Type           Power      Damage    Failure   Level
a - Magic Dart            Conj           84%        1d7       3%          1

Your spell library contained the following spells:

 Spells                   Type           Power      Damage    Failure   Level
 Searing Ray              Conj           42%        3d4       4%          2
 Dazzling Flash           Conj/Hex       24%        N/A       24%         3
 Fulminant Prism          Conj/Hex       6%         3d7       61%         4
 Iskenderun's Mystic Bla  Conj/Tloc      12%        2d5       61%         4


Dungeon Overview and Level Annotations

Branches:
Dungeon (3/15)

Altars:
Dithmenos


Message History

Press: ? - help, Q - select action, (/) - cycle Shift-Dir - straight line The magic dart hits something.
Something hits you but does no damage.
Aiming: Magic Dart (safe; 3% risk of failure)
Press: ? - help, Q - select action, (/) - cycle Shift-Dir - straight line, f - you That beam is likely to hit you.
Continue anyway? [Y]es or [N]o only, please.
That beam is likely to hit you.
Continue anyway? [Y]es or [N]o only, please.
That beam is likely to hit you.
Continue anyway? [Y]es or [N]o only, please.
That beam is likely to hit you.
Continue anyway? [Y]es or [N]o only, please.
That beam is likely to hit you.
Continue anyway? [Y]es or [N]o only, please.
That beam is likely to hit you.
Continue anyway? [Y]es or [N]o only, please.
That beam is likely to hit you.
Continue anyway? [Y]es or [N]o only, please.
That beam is likely to hit you.
Continue anyway? [Y]es or [N]o only, please.
That beam is likely to hit you.
Continue anyway? [Y]es or [N]o only, please.
That beam is likely to hit you.
Continue anyway? [Y]es or [N]o only, please.
That beam is likely to hit you.
Continue anyway? [Y]es or [N]o only, please.
That beam is likely to hit you.
Continue anyway?
Okay, then.
You hear some strange, mumbled words.
A puff of flame appears from out of thin air!
The puff of flame hits you.
* * * LOW HITPOINT WARNING * * *
You don't have enough magic at the moment.
You hear some strange, mumbled words.
Something tries to affect you, but you resist.
Something tries to affect you, but you resist.
A puff of flame appears from out of thin air!
The puff of flame hits you.
You die...

. ### .....# . ..#
...#.# . #.#
#####.##.# . #.#
#......... .##.#
#.##.#.#.# ..#.#
#.##...#.#
#.#.####.##...#.##
...........{....@+
#)######.##...####
#)# #.##...#####..
...#
#.†...).......
#..#
#####.#.######
#?.# #..## #+#
...# #.## #.# ##.#
#..#########.# .#
#.........##.##


There were no monsters in sight!

Vanquished Creatures
  Ijyb (D:3)
  2 worms (D:2)
  A dart slug (D:2)
  5 orcs
  4 endoplasms
  A giant cockroach (D:1)
  2 goblins
  6 hobgoblins
  7 kobolds
  9 ball pythons
  A bat (D:2)
  A frilled lizard (D:1)
  2 rats (D:1)
42 creatures vanquished.

Vanquished Creatures (others)
  2 fungi (D:1)
2 creatures vanquished.

Grand Total: 44 creatures vanquished

Notes
Turn   | Place    | Note
-------+----------+-------------------------------------------
     0 | D:1      | benjreed the Human Conjurer began the quest for the Orb.
     0 | D:1      | Reached XP level 1. HP: 13/13 MP: 3/3
    98 | D:1      | Found a faded altar of an unknown god.
   107 | D:1      | Became a worshipper of Dithmenos the Shadowed
   107 | D:1      | Reached * piety under Dithmenos
   454 | D:1      | Reached XP level 2. HP: 19/19 MP: 0/5
  1437 | D:2      | Reached XP level 3. HP: 25/25 MP: 1/6
  1614 | D:2      | Reached ** piety under Dithmenos
  2120 | D:3      | Noticed Ijyb
  2123 | D:3      | Reached XP level 4. HP: 31/31 MP: 5/7
  2130 | D:3      | Killed Ijyb
  2186 | D:3      | HP: 1/31 [something/puff of flame (6)]
  2198 | D:3      | Killed from afar by an orc wizard

Illustrated notes

Levels and vault maps discovered:
D:1:      heliophobic_arrival_battle_scene, layout_loops_corners,
          hellmonk_ecumenical_altar_prayer_group, minmay_misc_feat_ornament,
          roderic_serpentine_path, minmay_shallow_snake_nest
D:2:      layout_basic, minmay_tetromino_i4
D:3:      layout_loops_corners, mainiacjoe_overflow_alcove_2,
          nicolae_vehumet_radiance, mainiacjoe_overflow_alcove_4,
          lemuel_crystal_altar, uniq_ijyb

Skill      XL: |  1  2  3  4 |
---------------+-------------+-----
Spellcasting   | 3 |  3.0
Fighting       | |  0.3
Short Blades   | |  0.2
Armour         | |  0.9
Dodging        | |  2.2
Stealth        | |  2.0
Unarmed Combat | |  0.3
Conjurations   | |  4.6

Action                   |  1- 3 |  4- 6 || total
-------------------------+-------+-------++-------
Melee: Dagger            |     6 |       ||     6
       Unarmed           |     4 |       ||     4
       Whip              |    34 |    13 ||    47
       Quarterstaff      |     3 |       ||     3
 Cast: Magic Dart        |    61 |    11 ||    72
  Use: Potion            |     1 |       ||     1
Armor: Leather armour    |    22 |     7 ||    29
Dodge: Dodged            |    55 |     6 ||    61
